 Dungeon Crawl Stone Soup version 0.31.0-32-g396128a36d (webtiles) character file.

Game seed: 11163326083203631291

5718 spaghetti the Warrior (level 10, -2/124 HPs)
             Began as an Oni Summoner on Mar 11, 2024.
             Slain by a manticore (10 damage)
             ... on level 9 of the Dungeon.
             The game lasted 00:16:49 (10596 turns).

spaghetti the Warrior (Oni Summoner)               Turns: 10596, Time: 00:16:50

Health: -2/124     AC:  9    Str: 14    XL:     10   Next: 76%
Magic:  0/14       EV:  9    Int: 20    God:
Gold:   188        SH:  0    Dex:  9    Spells: 5/15 levels left

rFire   . . .        z - +5 halberd (freeze)
rCold   . . .        (shield currently unavailable)
rNeg    . . .        x - +0 steam dragon scales
rPois   .            c - +2 hat of the Bear Spirit {Spirit, Bear, *Rage Will++}
rElec   .            l - +0 cloak
rCorr   .            (gloves unavailable)
SInv    .            (boots unavailable)
Will    +++..        (no amulet)
Stlth   +            (no ring)
HPRegen 0.40/turn    (no ring)
MPRegen 0.14/turn

%: random rage (20%), guardian spirit
@: spiked, unable to call your familiar
A: large, unfitting armour, horns 1, tough skin 1, double potion healing,
drunken brawling
a: no special abilities


You were on level 9 of the Dungeon.
You visited 1 branch of the dungeon, and saw 9 of its levels.
You also visited: Sewer.

You collected 370 gold pieces.
You spent 182 gold pieces at shops.

Inventory:

Hand Weapons
 a - the +4 demon blade "Xedetauxt" {vamp, Str+4}
   (You acquired it on level 8 of the Dungeon)

   Str+4:     It affects your strength (+4).
 e - a +0 whip of venom
 k - a +3 quarterstaff of chaos
 z - a +5 halberd of freezing (weapon)
Missiles
 j - a throwing net
Armour
 c - the +2 hat of the Bear Spirit (worn) {Spirit, Bear, *Rage Will++}
   (You acquired it on level 8 of the Dungeon)

   Bear:      Going berserk makes the wearer exceptionally tough, and they are
   slowed for a shorter time afterward.
   Will++:    It greatly increases your willpower.
   *Rage:     It berserks you when you make melee attacks (+20% chance).
 l - a +0 cloak (worn)
 x - +0 steam dragon scales (worn)
Jewellery
 r - a ring of willpower
 v - a ring of protection from fire
Wands
 f - a wand of mindburst (9)
 s - a wand of flame (13)
 t - a wand of roots (5)
 A - a wand of polymorph (14)
 D - a wand of acid (5)
Scrolls
 g - a scroll of teleportation
 h - 3 scrolls of enchant armour
 m - 2 scrolls of enchant weapon
 n - 2 scrolls of fog
 w - a scroll of torment
 y - a scroll of identify
 B - a scroll of vulnerability
Potions
 b - 4 potions of magic
 d - 2 potions of heal wounds
 i - 3 potions of curing
 o - a potion of invisibility
 p - a potion of might
 q - a potion of brilliance
 u - a potion of attraction
 C - a potion of ambrosia {unknown}


   Skills:
 - Level 15.0 Fighting
 - Level 1.7 Dodging
 - Level 1.4 Stealth
 - Level 3.0 Spellcasting
 + Level 8.9 Summonings
 - Level 5.0 Fire Magic


You had 5 spell levels left.
You knew the following spells:

 Your Spells              Type           Power      Damage    Failure   Level
a - Summon Small Mammal   Summ           100%       N/A       1%          1
b - Call Imp              Summ           76%        N/A       1%          2
c - Call Canine Familiar  Summ           38%        N/A       1%          3
d - Summon Blazeheart Go  Fire/Summ      30%        N/A       9%          4

Your spell library contained the following spells:

 Spells                   Type           Power      Damage    Failure   Level
 Ensorcelled Hibernation  Hex/Ice        6%         N/A       22%         2
 Lesser Beckoning         Tloc           6%         N/A       22%         2
 Animate Armour           Summ/Erth      40%        N/A       22%         4
 Summon Lightning Spire   Summ/Air       20%        N/A       22%         4
 Fugue of the Fallen      Necr           3%         N/A       38%         3
 Gell's Gravitas          Tloc           3%         N/A       38%         3
 Stone Arrow              Conj/Erth      6%         3d7       38%         3
 Teleport Other           Tloc           3%         N/A       38%         3
 Anguish                  Hex/Necr       1%         N/A       80%         4
 Cause Fear               Hex            1%         N/A       80%         4
 Enfeeble                 Hex            1%         N/A       100%        7
 Lehudib's Crystal Spear  Conj/Erth      1%         10d2      100%        8


Dungeon Overview and Level Annotations

Branches:
Dungeon (9/15)              Sewer (visited)
 Temple: D:4-7         Lair: D:8-11         Orc: D:9-12

Altars:
Ashenzari
Elyvilon
Makhleb
Nemelex Xobeh
Sif Muna
Vehumet
Wu Jian

Shops:
D:4 !


Innate Abilities, Weirdness & Mutations

You are too large for most types of armour.
You have a pair of small horns on your head.
You have tough skin. (AC +1)
You gain doubled healing and magic from potions.
Whenever you drink a healing potion, you attack all around you.


Message History

Your inugami closely misses the manticore.
Your quokka closely misses the manticore.
The manticore bites your inugami!
Your inugami dies!
Your inugami disappears in a puff of smoke!
Your quokka bites the manticore.
Your rat bites the manticore but does no damage.
Your quokka closely misses the manticore.
The manticore bites your rat.
Your rat dies!
Your rat's corpse disappears in a puff of smoke!
Your quokka completely misses the manticore.
The manticore flicks its tail.
The volley of spikes skewers you!
The barbed spikes become lodged in your body.
Your quokka bites the manticore but does no damage.
The manticore flicks its tail.
The volley of spikes skewers you.
The barbed spikes become lodged in your body.
The barbed spikes dig painfully into your body as you move.
Your quokka barely misses the manticore.
The manticore bites you! The manticore claws you!
The manticore closely misses you.
Your quokka bites the manticore but does no damage.
You completely miss the manticore.
The manticore is almost dead.
The manticore bites you!
* * * LOW HITPOINT WARNING * * *
The manticore claws you!
* * * LOW HITPOINT WARNING * * *
The manticore claws you.
* * * LOW HITPOINT WARNING * * *
Your quokka bites the manticore but does no damage.
You hit the manticore. You freeze the manticore.
The manticore is almost dead.
Your quokka barely misses the manticore.
The manticore bites you!
* * * LOW HITPOINT WARNING * * *
The manticore claws you!
You die...

...............<...#
###....#...#........
#..#...........).##.
##
##..###....#.....##..
...#...
#.#............ .....
#.#............
#.#.###......##......
##..r..#....###......
#..H@#.#...#.###.....
#.##.......#.........
#.........##.
#..##...##.... ###
...#..#....
......##.... ......#
. .##..##. ....


You could see a manticore (ally target) and a friendly quokka (summoned).

Vanquished Creatures
  Gastronok (D:8)
  A two-headed ogre (D:7)
  Maggie (D:7)
  2 yaks
  A steam dragon (D:8)
  A sky beast (D:7)
  2 black bears
  A swamp drake (D:5)
  A centaur (D:9)
  A phantom (D:4)
  3 kobold brigands
  A bullfrog (D:8)
  A scorpion (D:7)
  4 wights
  A howler monkey (D:7)
  2 jellies
  3 orc priests (D:9)
  Crazy Yiuf (D:3)
  A bombardier beetle (D:4)
  3 hounds
  An iguana (D:6)
  4 orc wizards
  4 gnolls
  4 adders
  2 ufetubi (D:3)
  2 dart slugs
  11 orcs
  3 bats
  8 endoplasms
  2 giant cockroaches
  2 goblins
  4 hobgoblins
  7 jackals
  2 quokkas
  5 ball pythons
  3 frilled lizards
  13 kobolds
  5 rats
114 creatures vanquished.

Vanquished Creatures (collateral kills)
  Sigmund (D:3)
  A yak (D:8)
  A sky beast (D:6)
  2 ice beasts (D:6)
  An orc warrior (D:6)
  A kobold brigand (Sewer)
  2 bullfrogs
  A gnoll sergeant (D:8)
  5 wights
  2 howler monkeys
  2 hounds
  2 jellies
  An orc priest (D:7)
  A gnoll bouda (D:7)
  An iguana (D:6)
  An orc wizard (D:7)
  2 adders
  A river rat (D:4)
  14 gnolls
  A shadow imp (D:7)
  2 white imps
  2 orcs
  3 ball pythons
  4 endoplasms
  2 giant cockroaches (D:1)
  2 goblins
  3 hobgoblins
  5 jackals
  11 kobolds
77 creatures vanquished.

Vanquished Creatures (others)
  A howler monkey (D:7)
  A quokka (D:6)
  13 blazeheart cores
15 creatures vanquished.

Grand Total: 206 creatures vanquished

Notes
Turn   | Place    | Note
-------+----------+-------------------------------------------
     0 | D:1      | spaghetti the Oni Summoner began the quest for the Orb.
     0 | D:1      | Reached XP level 1. HP: 16/16 MP: 3/3
   275 | D:1      | Reached XP level 2. HP: 17/24 MP: 3/6
   304 | D:1      | Learned a level 2 spell: Call Imp
  1138 | D:2      | Reached XP level 3. HP: 31/31 MP: 4/7
  1142 | D:2      | Learned a level 3 spell: Call Canine Familiar
  2047 | D:3      | Noticed Sigmund
  2064 | D:3      | Killed Sigmund
  2065 | D:3      | Reached skill level 5 in Summonings
  2065 | D:3      | Reached skill level 4 in Fighting
  2065 | D:3      | Reached XP level 4. HP: 40/49 MP: 2/8
  2065 | D:3      | Reached XP level 5. HP: 45/55 MP: 2/9
  2234 | D:3      | Reached skill level 5 in Fighting
  2299 | D:3      | Learned a level 4 spell: Summon Blazeheart Golem
  2397 | D:3      | Found a runed translucent door.
  2398 | D:3      | Noticed Crazy Yiuf
  2417 | D:3      | Killed Crazy Yiuf
  2418 | D:3      | Reached skill level 1 in Fire Magic
  2418 | D:3      | Reached XP level 6. HP: 45/66 MP: 0/10
  2504 | D:3      | Identified the +1 hammer of the Pyrrhic Victory {antimagic,
                  | +Blink Int+4}
  3210 | D:4      | Found a glowing drain.
  3231 | Sewer    | Entered a sewer
  3297 | Sewer    | Reached XP level 7. HP: 68/72 MP: 11/11
  4027 | D:4      | Found a broken altar of Ashenzari.
  4052 | D:4      | Reached skill level 5 in Fire Magic
  4178 | D:4      | Found Futer's Distillery.
  4186 | D:4      | Bought a potion of heal wounds for 70 gold pieces
  4186 | D:4      | Bought a potion of invisibility for 112 gold pieces
  4289 | D:4      | Found a burning altar of Makhleb.
  4512 | D:5      | Entered Level 5 of the Dungeon
  4662 | D:5      | Reached XP level 8. HP: 50/80 MP: 8/12
  5184 | D:6      | Reached skill level 6 in Fighting
  5222 | D:6      | Reached skill level 7 in Fighting
  5524 | D:6      | Reached skill level 8 in Fighting
  5987 | D:6      | Found a white marble altar of Elyvilon.
  6087 | D:6      | Reached XP level 9. HP: 65/97 MP: 4/13
  6387 | D:6      | Reached skill level 9 in Fighting
  6893 | D:7      | Reached skill level 10 in Fighting
  7199 | D:7      | Found an ornate altar of the Wu Jian Council.
  7212 | D:7      | Found a sparkling altar of Nemelex Xobeh.
  7537 | D:7      | Reached skill level 11 in Fighting
  7564 | D:7      | Noticed Maggie
  7832 | D:7      | Killed Maggie
  7833 | D:7      | Reached skill level 12 in Fighting
  8015 | D:7      | Found a radiant altar of Vehumet.
  8166 | D:7      | Found a shimmering blue altar of Sif Muna.
  8534 | D:8      | Noticed a two-headed ogre
  8584 | D:7      | Reached skill level 13 in Fighting
  8823 | D:7      | Killed a two-headed ogre
  8824 | D:7      | Reached skill level 14 in Fighting
  8824 | D:7      | Reached XP level 10. HP: 39/123 MP: 3/14
  9276 | D:8      | Noticed Gastronok
  9294 | D:8      | Killed Gastronok
  9295 | D:8      | Reached skill level 15 in Fighting
 10102 | D:8      | Identified a scroll of acquirement
 10168 | D:8      | Acquired the +2 hat of the Bear Spirit {Spirit, Bear, *Rage
                  | Will++}
 10168 | D:8      | Found the +2 hat of the Bear Spirit {Spirit, Bear, *Rage
                  | Will++}
 10211 | D:8      | Acquired the +4 demon blade "Xedetauxt" {vamp, Str+4}
 10576 | D:9      | Noticed a manticore
 10596 | D:9      | Slain by a manticore

Illustrated notes

Levels and vault maps discovered:
D:1:      spicycebolla_green_bress_n_ham_2, layout_basic
D:2:      layout_basic, kennysheep_generic_room_4
D:3:      layout_loops_ring, uniq_crazy_yiuf_cottage, uniq_sigmund
D:4:      layout_cave_pools, mainiacjoe_overflow_alcove_1,
          ashenzari_conservatory_becter, serial_shops, shop,
          portal_sewer_entry_b
D:5:      layout_rooms, minmay_temple_entry_fiery
D:6:      layout_basic, elyvilon_altar_4
D:7:      layout_loops_corners, nicolae_overflow_quartered_altars, uniq_maggie
D:8:      layout_basic, uniq_gastronok
D:9:      layout_layer_cave, slow_altar_1, mainiacjoe_overflow_tiny_flanked,
          orc_0_dummy, serial_shops, nicolae_shop_window_shopping, uniq_amaemon

Skill      XL: |  1  2  3  4  5  6  7  8  9 10 |
---------------+-------------------------------+-----
Spellcasting   | 3 |  3.0
Summonings     | 4 5 7 8 |  8.9
Fighting       | 4 5 8 14 15 | 15.0
Fire Magic     | 1 3 5 |  5.0
Dodging        | |  1.7
Stealth        | |  1.4

Action                     |  1- 3 |  4- 6 |  7- 9 | 10-12 || total
---------------------------+-------+-------+-------+-------++-------
  Melee: Unarmed           |    47 |       |       |       ||    47
         Headbutt          |    10 |    10 |    35 |     2 ||    57
         Whip              |    37 |    14 |       |       ||    51
         Punch             |     2 |       |       |       ||     2
         Quarterstaff      |       |    57 |   161 |     5 ||   223
         Halberd           |       |       |       |    32 ||    32
   Cast: Summon Small Mamm |    27 |     5 |    10 |     9 ||    51
         Call Imp          |    18 |     6 |    38 |    10 ||    72
         Call Canine Famil |    11 |     6 |    39 |    10 ||    66
         Summon Blazeheart |       |       |    19 |     9 ||    28
  Evoke: Wand              |       |       |     3 |       ||     3
    Use: Potion            |     1 |       |    12 |       ||    13
         Scroll            |       |       |    14 |     4 ||    18
   Stab: Sleeping          |     3 |     2 |       |       ||     5
         Distracted        |     1 |       |     1 |       ||     2
         Petrifying        |       |       |     2 |       ||     2
         Petrified         |       |       |     1 |       ||     1
 Armour: Robe              |    59 |    63 |   205 |       ||   327
         Steam dragon scal |       |       |    31 |    58 ||    89
  Dodge: Dodged            |    57 |    34 |   113 |    19 ||   223
